 Dungeon Crawl Stone Soup version 0.16.0-8-gd9ae3a8 (webtiles) character file.

49 RobertPalmer the Chiller (level 3, -1/21 HPs)
             Began as an Octopode Ice Elementalist on Mar 16, 2015.
             Slain by wojtek's ghost (4 damage)
             ... on level 3 of the Dungeon.
             The game lasted 00:03:18 (2520 turns).

RobertPalmer the Chiller (OpIE)                     Turns: 2520, Time: 00:03:18

Health: -1/21      AC:  1    Str:  7    XL:     3   Next: 77%
Magic:  6/6        EV: 12    Int: 17    God:
Gold:   90         SH:  0    Dex: 13    Spells: 1 memorised, 5 levels left

rFire  . . .     SeeInvis .     k - +0 dagger
rCold  . . .     Clarity  .     (no shield)
rNeg   . . .     SustAb   .     (helmet restricted)
rPois  .         Gourm    .     (no amulet)
rElec  .         Spirit   .     (no ring)
rCorr  .         Warding  .     (no ring)
rMut   .         Stasis   .     (no ring)
MR     .....                    (no ring)
Stlth  +++.......               (no ring)
                                (no ring)
                                (no ring)
                                (no ring)

@: lethally poisoned (-1 -> -6), not resistant to hostile enchantments, fairly
stealthy
A: almost no armour, amphibious, 8 rings, constrict 8, camouflage 1, gelatinous
body 1
a: no special abilities


You were on level 3 of the Dungeon.
You were not hungry.

You visited 1 branch of the dungeon, and saw 3 of its levels.

You collected 90 gold pieces.

Inventory:

Hand weapons
 f - a +0 whip
   (You found it on level 1 of the Dungeon)
 k - a +0 dagger (weapon)
   (You found it on level 2 of the Dungeon)
Missiles
 h - 4 javelins (quivered)
 m - 11 poisoned needles
Armour
 p - a +1 buckler
   (You found it on level 2 of the Dungeon)
Jewellery
 l - an uncursed ring of protection from fire {unknown}
   (You found it on level 2 of the Dungeon)
Magical devices
 n - a wand of lightning (7)
   (You found it on level 3 of the Dungeon)
Scrolls
 a - a scroll of immolation {!r}
 j - a scroll of blinking {unknown}
Potions
 d - a potion of curing {unknown}
Books
 b - a book of Frost
Comestibles
 c - 2 bread rations
 g - 3 slices of pizza
 o - a beef jerky


   Skills:
 - Level 2.0 Dodging
 - Level 2.6 Stealth
 + Level 0.4 Shields
 - Level 2.0 Spellcasting
   Level 1.0 Conjurations
 - Level 4.5 Ice Magic


You had 5 spell levels left.
You knew the following spells:

 Your Spells              Type           Power        Failure   Level  Hunger
a - Freeze                Ice            ###.         2%          1    #......


Dungeon Overview and Level Annotations

Branches:
Dungeon (3/15)

Altars:
The Shining One

Annotations:
D:3 Sigmund; wojtek's ghost, average KoAs


Innate Abilities, Weirdness & Mutations

You cannot wear most types of armour.
You are amphibious.
You can wear up to eight rings at the same time.
You can use your tentacles to constrict many enemies at once.
Your skin changes colour to match your surroundings (Stealth).
Your rubbery body absorbs attacks (AC +1).


Message History

It is a scroll of enchant armour.
Enchant which item? (? for menu, Esc to quit)
Your buckler glows green for a moment.
Sigmund points at you and mumbles some strange words.
You resist with significant effort.
Read which item? (? for menu, Esc to quit)
As you read the scroll labeled KLYIGE KHYXAEC, it crumbles to dust.
It is a scroll of identify.
Identify which item? (\ to view known items) (? for menu, Esc to quit)
q - a scroll of teleportation The jackal bites you.
Read which item? (? for menu, Esc to quit)
As you read the scroll of teleportation, it crumbles to dust.
You feel strangely unstable. The jackal barely misses you.
The jackal bites you.
Sigmund gestures wildly while chanting.
Sigmund flickers and vanishes!
Deactivating autopickup; reactivate with Ctrl-A.
Found a stone staircase leading down.
The jackal closely misses you. The jackal barely misses you.
Your surroundings suddenly seem different.
An orc comes into view.
The orc shouts!
The orc throws a steel tomahawk.
The steel tomahawk hits you.
Found a steel tomahawk.
Found a stone staircase leading up. 5 orcs and 2 orc priests come into view.
You see here a steel tomahawk.
The orc moves out of view.
You are feeling very hungry.
The orc shouts! x2
There is a stone staircase leading up here.
The orc throws a steel tomahawk.
The steel tomahawk closely misses you.
You climb upwards.
There is a stone staircase leading down here.
You start resting.
A rat comes into view.
You hit the rat. You grab the rat. Your squeeze misses the rat.
The rat is heavily wounded.
You constrict the rat. The rat closely misses you.
You hit the rat.
You kill the rat!
There is a stone staircase leading up here.
There is a stone staircase leading down here.
You climb downwards.
Level annotation: Sigmund
There is a stone staircase leading up here.
You start resting.
HP restored.
A rat and a zombie come into view.
You see here a runed brass wand.
n - a wand of lightning You hit the rat.
You kill the rat!
You see here a rat corpse.
You butcher the rat corpse.
You see here a chunk of flesh.
Eat a chunk of flesh? (ye/n/q/i?) This raw flesh tastes terrible.
You continue eating. x2
The worker ant zombie closely misses you.
You hit the worker ant zombie. You grab the worker ant zombie.
You constrict the worker ant zombie. The worker ant zombie bites you.
Casting: Freeze
Confirm with . or Enter, or press ? or * to list all spells.
Aiming: Freeze
Press: ? - help, Shift-Dir - straight line, f - worker ant zombie
Aim: a worker ant zombie (constricted by you)
You freeze the worker ant zombie.
The worker ant zombie resists.
You constrict the worker ant zombie, but do no damage.
The worker ant zombie bites you.
You hit the worker ant zombie but do no damage.
You constrict the worker ant zombie, but do no damage.
The worker ant zombie bites you.
You hit the worker ant zombie but do no damage.
You constrict the worker ant zombie. The worker ant zombie bites you.
Wojtek's ghost (average Kobold Assassin) comes into view.
It is wielding a weapon of venom.
You hit the worker ant zombie.
You constrict the worker ant zombie, but do no damage.
The worker ant zombie closely misses you.
Drink which item? (? for menu, Esc to quit)
Okay, then.
You release your grip on the worker ant zombie.
Wojtek's ghost hits you.
* * * LOW HITPOINT WARNING * * *
You are lethally poisoned!
* * * LOW HITPOINT WARNING * * *
You feel sick.
* * * LOW HITPOINT WARNING * * *
You feel sick.
Drink which item? (? for menu, Esc to quit)
It was a potion of restore abilities.
You feel refreshed.
* * * LOW HITPOINT WARNING * * *
You feel sick.
The worker ant zombie closely misses you.
Wojtek's ghost barely misses you.
Drink which item? (? for menu, Esc to quit)
It was a potion of cure mutation.
It has a very clean taste.
The worker ant zombie closely misses you.
Wojtek's ghost hits you.
You die...

#..........#
#..........#
#..........#
#..........#
###..........#+##+#
##..................
#.......##..........
#....WZ.##.....!...
#....@..##.........
#.......##.........
#.......#######.##
#.......# .#
#.......# #.......#
#.......# ##.######
#.#


You could see wojtek's ghost and a worker ant zombie.

Vanquished Creatures
  An adder (D:2)
  A giant mite (D:1)
  2 oozes (D:1)
  7 bats
  2 giant cockroaches (D:1)
  2 hobgoblins (D:1)
  A quokka (D:2)
  3 giant geckos
  4 goblins (D:1)
  2 jackals (D:1)
  7 rats
32 creatures vanquished.

Notes
Turn   | Place    | Note
--------------------------------------------------------------
     0 | D:1      | RobertPalmer, the Octopode Ice Elementalist, began the quest for the Orb.
     0 | D:1      | Reached XP level 1. HP: 11/11 MP: 3/3
   539 | D:1      | Reached XP level 2. HP: 17/17 MP: 0/4
  1313 | D:1      | Reached skill level 4 in Ice Magic
  1313 | D:1      | Reached XP level 3. HP: 12/21 MP: 3/6
  1861 | D:2      | Found a glowing golden altar of the Shining One.
  2360 | D:3      | Noticed Sigmund
  2512 | D:3      | Noticed wojtek's ghost (average KoAs)
  2516 | D:3      | HP: 5/21 [poisoned by wojtek's ghost]
  2520 | D:3      | Slain by wojtek's ghost

Action                   || total
-------------------------++-------
Melee: Unarmed           ||    20
       Dagger            ||    15
 Cast: Freeze            ||    40
  Use: Scroll            ||     4
       Potion            ||     2
 Stab: Sleeping          ||     1
  Eat: Chunk             ||     5

Vault maps used:
D:1:      onia_arrival_pyramid
D:2:      first_bread, tso_metal_star
D:3:      uniq_sigmund

Table legend:
 A = Turns spent in this place as a percentage of turns spent in the entire game.
 B = Non-inter-level travel turns spent in this place as a percentage of non-inter-level travel turns spent in the entire game.
 C = Inter-level travel turns spent in this place as a percentage of turns spent in this place.
 D = Turns resting spent in this place as a percentage of non-inter-level travel turns spent in this place.
 E = Turns spent auto-exploring this place as a percentage of non-inter-level travel turns spent in this place.
 F = Non-inter-level travel turns spent in this place divided by the number of levels of this place that you've seen.
                   A       B       C       D       E      F
               +-------+-------+-------+-------+-------+----------------------
         Total | 100.0 | 100.0 |   0.6 |   5.7 |  10.2 | 169.3
       Dungeon | 100.0 | 100.0 |   0.6 |   5.7 |  10.2 | 169.3
               +-------+-------+-------+-------+-------+----------------------

Table legend:
 A = Kills in this place as a percentage of kills in entire the game.
 B = Kills by you in this place as a percentage of kills by you in the entire game.
 C = Kills by friends in this place as a percentage of kills by friends in the entire game.
 D = Other kills in this place as a percentage of other kills in the entire game.
 E = Experience gained in this place as a percentage of experience gained in the entire game.
 F = Experience gained in this place divided by the number of levels of this place that you have seen.
                   A       B       C       D       E      F
               +-------+-------+-------+-------+-------+----------------------
         Total | 100.0 | 100.0 |  -nan |  -nan | 100.0 |  23.7
       Dungeon | 100.0 | 100.0 |  -nan |  -nan | 100.0 |  23.7
               +-------+-------+-------+-------+-------+----------------------
